 Dungeon Crawl Stone Soup version 0.19-a0-1111-gcceb26a (webtiles) character file.

65 HAL9000 the Insei (level 3, 0/28 HPs)
             Began as a Draconian Transmuter on Aug 10, 2016.
             Succumbed to miscasting Spider Form's residual poison
             ... on level 2 of the Dungeon.
             The game lasted 00:03:28 (1339 turns).

HAL9000 the Insei (Draconian Transmuter)            Turns: 1339, Time: 00:03:29

Health: 0/28       AC:  5    Str: 12    XL:     3   Next: 94%
Magic:  1/6        EV: 12    Int: 13    God:
Gold:   54         SH:  0    Dex: 12    Spells: 3 memorised, 0 levels left

rFire  . . .     SeeInvis .       - Unarmed
rCold  . . .     Gourm    .     (armour unavailable)
rNeg   . . .     Faith    .     (no shield)
rPois  .         Spirit   .     (helmet restricted)
rElec  .         Dismiss  .     (no cloak)
rCorr  .         Reflect  .     (no gloves)
SustAt .         Harm     .     (no boots)
MR     .....                    (no amulet)
Stlth  +.........               (no ring)
                                (no ring)

@: lethally poisoned (0 -> -4), very slightly contaminated
A: unfitting armour, cold-blooded, AC +5
a: no special abilities


You were on level 2 of the Dungeon.
You were not hungry.

You visited 1 branch of the dungeon, and saw 2 of its levels.

You collected 54 gold pieces.

Inventory:

Missiles
 a - 11 arrows
Armour
 g - a +2 buckler of reflection
Wands
 p - a wand of digging (9/24)
Scrolls
 d - 5 scrolls of remove curse {unknown}
 e - a scroll of amnesia {unknown}
 h - a scroll of magic mapping {unknown}
 i - a scroll of enchant armour {unknown}
 j - a scroll of immolation {unknown}
 k - 3 scrolls of teleportation {unknown}
 m - 2 scrolls of noise {unknown}
 q - a scroll of blinking {unknown}
Potions
 f - 2 potions of curing {unknown}
 l - a potion of degeneration {unknown}
 n - a potion of heal wounds {unknown}
Books
 b - a book of Changes

   Spells                             Type                      Level
   a - Beastly Appendage              Transmutation                1
   b - Sticks to Snakes               Transmutation                2
   c - Spider Form                    Transmutation/Poison         3
   d - Ice Form                       Ice/Transmutation            4
   e - Blade Hands                    Transmutation                5
Comestibles
 c - a bread ration


   Skills:
 - Level 1.1 Fighting
 - Level 1.7 Dodging
 + Level 4.0 Unarmed Combat
 - Level 2.0 Spellcasting
 + Level 3.3 Transmutations


You couldn't memorise any spells.
You knew the following spells:

 Your Spells              Type           Power        Failure   Level  Hunger
a - Beastly Appendage     Tmut           ##....       10%         1    ##.....
b - Sticks to Snakes      Tmut           ##......     12%         2    ###....
c - Spider Form           Tmut/Pois      #.........   38%         3    ####...


Dungeon Overview and Level Annotations

Branches:
Dungeon (2/15)

Altars:
Ru

Annotations:
D:2 Sigmund


Innate Abilities, Weirdness & Mutations

Your plain brown scales are hard. (AC +5)
Your body does not fit into most forms of armour.
You are cold-blooded and may be slowed by cold attacks.


Message History

Unknown command.
Casting: Spider Form
Confirm with . or Enter, or press ? or * to list all spells.
You miscast Spider Form.
You are poisoned.
You feel sick. x2
You hear some strange, mumbled words.
A puff of flame appears from out of thin air!
The puff of flame hits you!
You feel sick.
You feel sick.
You feel sick.
A magic dart appears from out of thin air!
The magic dart hits you!
* * * LOW HITPOINT WARNING * * *
* * * LOW HITPOINT WARNING * * *
You feel sick.
* * * LOW HITPOINT WARNING * * *
You feel sick.
You die...

##....#...#........÷..#.....
#.......######.....######...
##..###.†.#..#..... .. ..
#..# #.).#..#.###. .#... .
...## #......'..#.. .......
#... #.....#########.......#
.....
#......'..#_.+.....##.###
...##
##..#..#.###.#..#........
#..#..#@..l.#..#..##....
#######.....######......
#..#...........#..# ....
###......#####......##....
..........†...............
######################....
#... ... ..


You could see a giant gecko.

Vanquished Creatures
  3 adders (D:2)
  4 dart slugs
  2 giant geckos
  3 bats
  A giant cockroach (D:1)
  4 goblins (D:1)
  5 hobgoblins
  A ball python (D:1)
  2 giant newts (D:2)
  2 kobolds (D:1)
  3 rats
30 creatures vanquished.

Vanquished Creatures (others)
  A goblin (D:1)
  A hobgoblin (D:1)
2 creatures vanquished.

Grand Total: 32 creatures vanquished

Notes
Turn   | Place    | Note
-------+----------+-------------------------------------------
     0 | D:1      | HAL9000 the Draconian Transmuter began the quest for the Orb.
     0 | D:1      | Reached XP level 1. HP: 16/16 MP: 3/3
   416 | D:1      | Reached XP level 2. HP: 23/23 MP: 3/5
  1049 | D:2      | Reached XP level 3. HP: 19/28 MP: 4/6
  1065 | D:2      | Learned a level 2 spell: Sticks to Snakes
  1069 | D:2      | Learned a level 3 spell: Spider Form
  1296 | D:2      | Reached skill level 4 in Unarmed Combat
  1317 | D:2      | Found a sacrificial altar of Ru.
  1322 | D:2      | Noticed Sigmund
  1336 | D:2      | HP: 1/28 [poisoned by miscasting Spider Form (residual poison)]
  1339 | D:2      | Succumbed to miscasting Spider Form's residual poison

Vault maps used:
D:1:      sevenhm_arrival_forest_fort_small_5, lemuel_old_faithful
D:2:      st_stairs_7, hangedman_glass_garden, hangedman_ru_absence,
          uniq_sigmund, uniq_crazy_yiuf_cottage

Skill      XL: |  1  2  3 |
---------------+----------+-----
Transmutations | 3 |  3.3
Unarmed Combat | 4 |  4.0
Fighting       | |  1.1
Dodging        | |  1.7
Spellcasting   | |  2.0

Action                   || total
-------------------------++-------
Melee: Unarmed           ||   116
       Tailslap          ||    11
       Headbutt          ||     8
       Kick              ||     4
       Punch             ||     1
 Cast: Beastly Appendage ||    17
       Sticks to Snakes  ||     1
 Stab: Sleeping          ||     1
  Eat: Chunk             ||     2
Armor: Skin              ||    52
Dodge: Dodged            ||    90
